 Dungeon Crawl Stone Soup version 0.26.0-10-g1f06aea511 (webtiles) character file.

Game seed: 17117022141393378655

108 MajorAdolf the Stinger (level 4, -6/40 HPs)
             Began as a Naga Wanderer on Jan 16, 2021.
             Killed from afar by an orc wizard (9 damage)
             ... with a puff of flame
             ... on level 2 of the Dungeon.
             The game lasted 00:03:53 (3288 turns).

MajorAdolf the Stinger (Naga Wanderer)              Turns: 3288, Time: 00:03:53

Health: -6/40      AC:  2    Str: 13    XL:     4   Next: 87%
Magic:  0/5        EV:  9    Int: 14    God:
Gold:   120        SH:  0    Dex: 11    Spells: 5/5 levels left

rFire    . . .     SeeInvis +   g - +0 whip (flame)
rCold    . . .     Faith    .   (no shield)
rNeg     . . .     Spirit   +   d - +0 robe
rPois    +         Reflect  .   (no helmet)
rElec    .         Harm     .   (no cloak)
rCorr    .         Rampage  .   (no gloves)
Will     .....                  (no barding)
Stlth    ++........             m - amulet of guardian spirit
HPRegen  0.13/turn              (no ring)
MPRegen  0.09/turn              (no ring)

@: short of breath, very slightly contaminated, invisible, very slow
A: large, see invisible, deformed body, poison resistance, slowness 2, spit
poison 1, AC +1
a: Spit Poison


You were on level 2 of the Dungeon.
You visited 1 branch of the dungeon, and saw 3 of its levels.

You collected 120 gold pieces.

Inventory:

Hand Weapons
 a - a +0 club
 f - a +0 dagger
 g - a +0 whip of flaming (weapon)
 i - a +0 hand axe
Armour
 d - a +0 robe (worn)
Jewellery
 c - a cursed ring of attention {unknown}
 m - an amulet of guardian spirit (around neck)
Scrolls
 l - a scroll of amnesia {unknown}
 n - 2 scrolls of magic mapping {unknown}
Potions
 e - a potion of mutation {unknown}
 j - a potion of brilliance {unknown}
 o - a potion of attraction {unknown}


   Skills:
 + Level 2.3 Fighting
 * Level 2.1 Axes
 + Level 1.9 Armour
 - Level 3.0 Stealth
 - Level 1.0 Spellcasting
 - Level 2.0 Translocations
 - Level 1.0 Ice Magic
 - Level 5.3 Poison Magic


You had 5 spell levels left.
You didn't know any spells.
Your spell library contained the following spells:

 Spells                   Type           Power        Failure   Level
 Sting                    Tmut/Pois      32%          9%          1
 Apportation              Tloc           12%          12%         1
 Poisonous Vapours        Pois/Air       16%          14%         2
 Summon Small Mammal      Summ           0%           26%         1
 Olgreb's Toxic Radiance  Pois           15%          30%         4
 Lesser Beckoning         Tloc           3%           34%         3
 Ignite Poison            Fire/Tmut/Pois 5%           36%         3
 Mephitic Cloud           Conj/Pois/Air  5%           36%         3
 Summon Guardian Golem    Hex/Summ       0%           61%         3


Dungeon Overview and Level Annotations

Branches:
Dungeon (3/15)

Altars:
Vehumet


Innate Abilities, Weirdness & Mutations

You cannot wear boots.
Your serpentine skin is tough. (AC +1)
You have supernaturally acute eyesight. (SInv)
Armour fits poorly on your strangely shaped body.
Your system is resistant to poisons. (rPois)
You cover ground very slowly.
You can spit poison.


Message History

You feel less confused.
The orc wizard casts a spell at something.
Press: ? - help, Shift-Dir - straight line, f - orc wizard
Aim: an orc wizard, wielding a +0 dagger and wearing a +0 robe (almost dead)
The splash of poison misses the orc wizard.
Unknown command.
The orc wizard hits you but does no damage.
The orc wizard closely misses you.
You barely miss the orc wizard.
The orc wizard is severely wounded.
You have got your breath back.
The orc wizard hits you but does no damage.
Unknown command.
Press: ? - help, Shift-Dir - straight line, f/p - orc wizard
Aim: an orc wizard, wielding a +0 dagger and wearing a +0 robe (severely wounded)
The splash of poison hits the orc wizard but does no damage.
The orc wizard is severely wounded.
The orc wizard points at you and mumbles some strange words.
The puff of flame hits you!
You die...

#.............#####.#
.......#..##...)....#
#......#..##..#####.#
#.....##..##..# #.##
#.........##..# #..#
###.#.##.###..#####..#
###..............>#..#
.....#..........o=#..#
###.............@.#..#
###.#.##..........#..#
....#.##.............#
.####.##..........##.#
.# #.##..........##.#
.# #.............##.#
.# #.............##.#
<# ##........<#####.#
.#######..)..........#


You could see an orc wizard.

Vanquished Creatures
  6 adders
  A worm (D:2)
  2 dart slugs
  3 leopard geckos
  An orc (D:2)
  5 goblins
  8 hobgoblins
  2 kobolds
  A quokka (D:2)
  7 bats
  3 frilled lizards
  7 rats (D:2)
46 creatures vanquished.

Notes
Turn   | Place    | Note
-------+----------+-------------------------------------------
     0 | D:1      | MajorAdolf the Naga Wanderer began the quest for the Orb.
     0 | D:1      | MajorAdolf set off with the following items: a +0 club, a
                  | +0 robe, a +0 dagger; and the following spells available to
                  | memorise: Sting, Apportation, Poisonous Vapours, Summon
                  | Small Mammal, Olgreb's Toxic Radiance, Lesser Beckoning,
                  | Ignite Poison, Mephitic Cloud, Summon Guardian Golem
     0 | D:1      | Reached XP level 1. HP: 15/15 MP: 2/2
   655 | D:1      | Reached skill level 1 in Fighting
   655 | D:1      | Reached XP level 2. HP: 25/25 MP: 3/3
  1013 | D:1      | Reached skill level 1 in Armour
  1590 | D:2      | Reached XP level 3. HP: 31/31 MP: 4/4
  1871 | D:2      | Found a radiant altar of Vehumet.
  1888 | D:2      | Reached skill level 1 in Axes
  2066 | D:2      | Reached XP level 4. HP: 26/39 MP: 5/5
  2769 | D:2      | Found a faded altar of an unknown god.
  3280 | D:2      | HP: 2/40 [orc wizard/+0 dagger (2)]
  3288 | D:2      | Killed from afar by an orc wizard

Illustrated notes

Levels and vault maps discovered:
D:1:      minmay_arrival_plants_in_alcoves, layout_loops_ring
D:2:      layout_loops_ring, vehumet_crystals, chequers_ecumenical_altar_lobes
D:3:      layout_rooms

Skill      XL: |  1  2  3  4 |
---------------+-------------+-----
Fighting       | 1 2 |  2.3
Armour         | 1 |  1.9
Axes           | 1 2 |  2.1
Stealth        | |  3.0
Spellcasting   | |  1.0
Translocations | |  2.0
Ice Magic      | |  1.0
Poison Magic   | |  5.3

Action                   |  1- 3 |  4- 6 || total
-------------------------+-------+-------++-------
Melee: Whip              |    53 |    62 ||   115
       Club              |     2 |       ||     2
 Abil: Spit Poison       |    22 |    14 ||    36
  Use: Scroll            |       |     3 ||     3
       Potion            |       |     1 ||     1
 Stab: Sleeping          |     8 |     1 ||     9
       Distracted        |     1 |       ||     1
Armor: Robe              |    10 |    19 ||    29
Dodge: Dodged            |    50 |    56 ||   106
